 Dungeon Crawl Stone Soup version 0.29.1-14-g9c671dbff4 (webtiles) character file.

Game seed: 16011173394517044365

55 p0werm0de the Trooper (level 3, -1/31 HPs)
             Began as a Palentonga Chaos Knight on Feb 13, 2023.
             Was a Plaything of Xom.
             Slain by Robin the manticore (glowing shapeshifter) (2 damage)
             ... on level 2 of the Dungeon.
             The game lasted 00:00:54 (1323 turns).

p0werm0de the Trooper (Palentonga Chaos Knight)     Turns: 1323, Time: 00:00:55

Health: -1/31      AC:  8    Str: 19    XL:     3   Next: 67%
Magic:  3/3        EV:  3    Int: 12    God:    Xom [*.....]
Gold:   64         SH:  0    Dex:  9    Spells: 2/2 levels left

rFire   . . .      SeeInvis +   a - +0 hand axe (chaos)
rCold   . . .      Faith    .   (no shield)
rNeg    . . .      Spirit   .   d - +0 plate armour
rPois   .          Reflect  .   (no helmet)
rElec   .          Harm     .   (no cloak)
rCorr   .          Rampage  .   (no gloves)
Will    .....                   (no barding)
Stlth   ..........              (no amulet)
HPRegen 0.10/turn               (no ring)
MPRegen 0.08/turn               (no ring)

@: flying
A: large, rugged brown scales 3, see invisible, deformed body, roll 1, armoured
tail
a: Rolling Charge, Renounce Religion


You were on level 2 of the Dungeon.
You worshipped Xom.
You were a special plaything of Xom.
You visited 1 branch of the dungeon, and saw 2 of its levels.

You collected 64 gold pieces.

Inventory:

Hand Weapons
 a - a +0 hand axe of chaos (weapon)
Armour
 d - a +0 plate armour (worn)
   (You found it on level 1 of the Dungeon)
Scrolls
 e - a scroll of torment
 i - a scroll of summoning {unknown}
 r - 4 scrolls of identify
Miscellaneous
 c - a piece from Xom's chessboard (15/15) (quivered)


   Skills:
 * Level 3.5 Fighting
 * Level 3.4 Axes
 * Level 2.1 Armour
 - Level 0.7 Dodging
 * Level 1.2 Evocations


You had 2 spell levels left.
You didn't know any spells.
Your spell library contained the following spells:

 Spells                   Type           Power      Damage    Failure   Level
 Magic Dart               Conj           0%         1d3       100%        1
 Call Imp                 Summ           0%         N/A       100%        2
 Mephitic Cloud           Conj/Pois/Air  0%         N/A       100%        3


Dungeon Overview and Level Annotations

Branches:
Dungeon (2/15)

Altars:

Annotations:
D:2 Robin


Innate Abilities, Weirdness & Mutations

You are completely covered in rugged brown scales. (AC +3, +7% HP)
You have supernaturally acute eyesight. (SInv)
Armour fits poorly on your strangely shaped body.
You can roll at nearby foes to attack.
You have a long armoured tail.


Message History

You are too injured to fight recklessly!
You are too injured to fight recklessly!
You are too injured to fight recklessly!
You are too injured to fight recklessly!
You are too injured to fight recklessly!
You are too injured to fight recklessly!
You are too injured to fight recklessly!
You are too injured to fight recklessly!
You are too injured to fight recklessly!
You hit Robin.
Robin is severely wounded.
Robin hits you with a +0 spear. Robin hits you but does no damage.
You barely miss Robin.
Robin is severely wounded.
Robin hits you with a +0 spear!
* * * LOW HITPOINT WARNING * * *
You hit Robin.
Robin changes into a glowing shapeshifter!
Robin is severely wounded.
Robin the glowing shapeshifter changes into a manticore!
The hobgoblin no longer looks unusually strong. x2
It was a potion of flight.
You feel very buoyant.
You fly up into the air.
The goblin no longer looks unusually strong.
Okay, then.
As you read the scroll labelled FOFFU EDUPHUCE, it crumbles to dust.
The creatures around you are filled with an inner flame!
It was a scroll of immolation.
Robin bites you but does no damage. Robin claws you.
* * * LOW HITPOINT WARNING * * *
Robin claws you.
* * * LOW HITPOINT WARNING * * *
As you read the scroll labelled REWYR BOTZAURUA, it crumbles to dust.
You feel aware of your surroundings.
It was a scroll of magic mapping.
Robin bites you.
* * * LOW HITPOINT WARNING * * *
Robin claws you.
You die...
Xom giggles madly!

###########.#
*,,,,,,,,,,,,,,,**
*,,......##.##
#.#******,,,,,***
**######†##..###.#
*******
,,.............#.#
**#####.#......#g#
#.#......#g#
##........#g#
##..#......#H#
#..##......#@#
#.##########.#
#.##.......).#
#.##.#########
#..#..# ##..#.#
##...# #####


You could see Robin the manticore shaped shifter (inner flame), 2 hobgoblins and
a goblin (inner flame).

Vanquished Creatures
  4 dart slugs
  6 endoplasms
  6 giant cockroaches
  2 goblins
  7 hobgoblins
  2 quokkas (D:1)
  A ball python (D:1)
  4 bats (D:1)
  2 frilled lizards
  5 kobolds
  A rat (D:1)
40 creatures vanquished.

Notes
Turn   | Place    | Note
-------+----------+-------------------------------------------
     0 | D:1      | p0werm0de the Palentonga Chaos Knight began the quest for
                  | the Orb.
     0 | D:1      | Reached XP level 1. HP: 19/19 MP: 1/1
   127 | D:1      | Reached XP level 2. HP: 24/25 MP: 2/2
   290 | D:1      | XOM: divination: magic mapping
   406 | D:1      | Reached skill level 1 in Evocations
   431 | D:1      | Reached XP level 3. HP: 29/31 MP: 3/3
   609 | D:1      | Found a faded altar of an unknown god.
  1038 | D:1      | XOM: noise
  1307 | D:2      | Noticed Robin
  1320 | D:2      | Noticed Robin
  1320 | D:2      | Robin changed into Robin the glowing shapeshifter
  1320 | D:2      | Noticed Robin
  1320 | D:2      | Robin the glowing shapeshifter changed into Robin the
                  | manticore
  1322 | D:2      | HP: 1/31 [Robin the manticore (glowing shapeshifter) (3)]
  1323 | D:2      | Slain by Robin the manticore (glowing shapeshifter)

Illustrated notes

Levels and vault maps discovered:
D:1:      ncdulo_halloftheorcs, layout_basic,
          hellmonk_ecumenical_altar_slurped_away
D:2:      layout_basic, serial_co_window_serial, co_window_paths_a,
          co_window_paths_a, co_window_of_opportunity_a, co_window_corner_a,
          co_window_corner_a, co_window_corner_ca, co_window_corner_ca,
          co_window_corner_cb, co_window_corner_b, co_window_corner_ca,
          co_window_broadway_b, co_window_corner_b, co_window_paths_d,
          minmay_lizard_king, uniq_robin

Skill      XL: |  1  2 |
---------------+-------+-----
Armour         | 2 |  2.1
Evocations     | 1 |  1.2
Fighting       | |  3.5
Axes           | |  3.4
Dodging        | |  0.7

Action                   || total
-------------------------++-------
Melee: Hand axe          ||   107
       Tailslap          ||    10
  Use: Scroll            ||     3
       Potion            ||     1
Armor: Leather armour    ||    20
       Plate armour      ||    33
Dodge: Dodged            ||    40
